 Dungeon Crawl Stone Soup version 0.25-a0-194-gece1257 (webtiles) character file.

Game seed: 13645129374786429832, levelgen mode: deterministic

116 Firecrotchwizard the Chopper (level 5, -4/47 HPs)
             Began as a Hill Orc Monk on Nov 30, 2019.
             Slain by a slave (5 damage)
             ... led by Pikel
             ... on level 3 of the Dungeon.
             The game lasted 00:05:16 (2906 turns).

Firecrotchwizard the Chopper (Hill Orc Monk)        Turns: 2906, Time: 00:05:17

Health: -4/47      AC:  7    Str: 15    XL:     5   Next: 1%
Magic:  0/5        EV: 12    Int: 10    God:
Gold:   171        SH:  0    Dex: 13    Spells: 4/4 levels left

rFire    . . .     SeeInvis .   a - +0 hand axe
rCold    . . .     Gourm    .   (no shield)
rNeg     + . .     Faith    .   e - +0 ring mail
rPois    .         Spirit   +   k - +1 helmet
rElec    .         Reflect  .   (no cloak)
rCorr    .         Harm     .   (no gloves)
MR       .....                  (no boots)
Stlth    +.........             i - amulet of guardian spirit {Spirit}
HPRegen  0.15/turn              d - ring of positive energy {rN+}
MPRegen  0.09/turn              j - ring of wizardry {Wiz+, !d}

@: no status effects
A: no striking features
a: no special abilities


You were on level 3 of the Dungeon.
You were not hungry.

You visited 1 branch of the dungeon, and saw 4 of its levels.

You collected 171 gold pieces.

Inventory:

Hand Weapons
 a - a +0 hand axe (weapon)
Armour
 b - a +0 robe
 e - a +0 ring mail (worn)
   (You found it on level 1 of the Dungeon)
 k - a +1 helmet (worn)
   (You took it off Robin on level 2 of the Dungeon)
 r - a +0 pair of gloves
   (You found it on level 3 of the Dungeon)
Jewellery
 d - a ring of positive energy (left hand) {rN+}
   (You found it on level 2 of the Dungeon)
 i - an amulet of guardian spirit (around neck) {Spirit}
   (You found it on level 1 of the Dungeon)
 j - a ring of wizardry (right hand) {Wiz+, !d}
   (You found it on level 2 of the Dungeon)
 t - an uncursed ring of wizardry {Wiz+, !d}
   (You found it on level 3 of the Dungeon)
Scrolls
 l - a scroll of immolation {unknown}
 m - 2 scrolls of teleportation {unknown}
 n - a scroll of fog {unknown}
 o - a scroll of magic mapping {unknown}
 s - 3 scrolls of identify
Potions
 f - a potion of lignification {!q}
 g - 5 potions of curing
 h - a potion of berserk rage {unknown}
 p - a potion of resistance
Comestibles
 c - 12 rations


   Skills:
 + Level 4.5 Fighting
 * Level 5.9 Axes
 + Level 0.3 Armour
 - Level 3.0 Dodging
 - Level 1.5 Stealth


You had 4 spell levels left.
You didn't know any spells.
Your spell library was empty.

Dungeon Overview and Level Annotations

Branches:
Dungeon (4/15)
 Temple: D:4-7

Altars:

Annotations:
D:3 Pikel
D:4 Eustachio


Message History

Found a stone staircase leading down.
You hit the quokka skeleton.
The quokka skeleton bites you but does no damage.
You hit the quokka skeleton. The quokka skeleton barely misses you.
You hit the quokka skeleton.
You destroy the quokka skeleton!
No target in view!
No target in view!
Eustachio the Magnificent comes into view.
He is wielding a +0 rapier.
Eustachio shouts!
You see here a sedimented dark potion.
Eustachio mumbles some strange words.
Eustachio blinks!
A jackal comes into view.
There is a stone staircase leading up here.
You climb upwards.
There is a stone staircase leading down here.
There is a stone staircase leading down here.
All of the chunks of flesh in your inventory have rotted away.
There is a stone staircase leading down here.
You climb downwards.
Level annotation: Eustachio An adder, 4 slaves and Pikel come into view.
Pikel is wielding a +2 whip of flaming.
Pikel shouts!
The slave shouts! x4; The adder hisses angrily.
A worker ant comes into view.
Found 5 gold pieces, 18 stones and a ration.
Found a stone staircase leading down.
There is a stone staircase leading up here.
The worker ant twitches its antennae in your direction.
You hit the slave but do no damage. You hit the slave.
An adder comes into view.
The slave hits you. The slave hits you but does no damage.
You take 4 damage, and have 43/47 hp.
You miss the slave.
The adder hisses angrily.
You hit the slave. x2; The slave closely misses you. x3
You closely miss the slave. You hit the slave but do no damage.
You barely miss the slave. The slave hits you but does no damage.
The slave hits you. The slave closely misses you.
You take 2 damage, and have 42/47 hp.
You closely miss the slave. You barely miss the slave. x2
You closely miss the slave. The slave hits you but does no damage.
The slave barely misses you. The slave hits you but does no damage.
The slave closely misses you.
You closely miss the slave. You barely miss the slave. You hit Pikel.
You miss the slave. You hit the slave. The slave closely misses you.
The slave hits you. The slave misses you. The slave hits you.
Pikel barely misses you.
You take 4 damage, and have 38/47 hp.
The slave barely misses you. The slave hits you! The slave closely misses you.
The slave hits you. Pikel hits you but does no damage.
You climb upwards.
There is a stone staircase leading down here.
You take 9 damage, and have 29/47 hp.
You now have 4/5 mp.
The slave barely misses you.
Pikel says, "I knew I should've brought a map."
The slave hits you.
You take 1 damage, and have 29/47 hp.
The slave hits you.
You take 6 damage, and have 23/47 hp.
You hit the slave. The slave barely misses you.
You hit the slave. The slave barely misses you.
MP restored: 5 You barely miss the slave.
The slave hits you.
You take 5 damage, and have 19/47 hp.
You now have 4/5 mp.
You hit the slave. The slave hits you but does no damage.
You slash the slave! The slave closely misses you.
You hit the slave but do no damage. The slave barely misses you.
You barely miss the slave. The slave hits you.
You take 2 damage, and have 17/47 hp.
You now have 3/5 mp.
You hit the slave but do no damage. The slave barely misses you.
You closely miss the slave. The slave hits you.
You take 1 damage, and have 16/47 hp.
You now have 2/5 mp.
You barely miss the slave. The slave misses you.
You hit the slave. The slave closely misses you.
You hit the slave but do no damage. The slave hits you.
You take 1 damage, and have 15/47 hp.
You hit the slave.
You kill the slave!
That felt strangely unrewarding.
You hit the slave. The slave hits you.
* * * LOW HITPOINT WARNING * * *
You hit the slave. The slave completely misses you.
Pikel says, "Wow, you'd add a bit of variety to my gang!"
You take 3 damage, and have 13/47 hp.
You hit the slave. The slave hits you.
* * * LOW HITPOINT WARNING * * *
You miss the slave. The slave hits you.
* * * LOW HITPOINT WARNING * * *
You hit the slave. The slave misses you.
You take 5 damage, and have 8/47 hp.
You now have 2/5 mp.
You hit the slave but do no damage. The slave hits you.
* * * LOW HITPOINT WARNING * * *
You hit the slave. The slave hits you.
* * * LOW HITPOINT WARNING * * *
Your ring mail prevents you from hitting the slave.
The slave barely misses you.
You hit the slave. The slave hits you.
You die...

.....# #.........#########
....## ##.###.#.####......##
.....## #..# #.#..##........##
...>..###.####.##............#
............##.###.........[.#
....####..#....# ##..........#
...## #######.# #..........#
#### #######.####p.........#
########........@pKp........##
.........#####.#####........##
########## #.# #..........# #
#.# #..........# # ###
#....>.....# # #..........# #
#..........# # ##........## #
##......##


You could see Pikel and 3 slaves.

Vanquished Creatures
  A slave (D:3)
  Robin (D:2)
  A gnoll (D:1)
  4 adders
  An ooze (D:1)
  A dart slug (D:2)
  An orc (D:3)
  3 giant cockroaches
  15 goblins
  4 hobgoblins
  A quokka (D:2)
  3 ball pythons (D:1)
  8 bats
  A frilled lizard (D:2)
  2 kobolds
  A quokka skeleton (D:4)
  6 rats
54 creatures vanquished.

Notes
Turn   | Place    | Note
-------+----------+-------------------------------------------
     0 | D:1      | Firecrotchwizard the Hill Orc Monk began the quest for the
                  | Orb.
     0 | D:1      | Reached XP level 1. HP: 19/19 MP: 1/1
   450 | D:1      | Reached XP level 2. HP: 24/27 MP: 2/2
   971 | D:2      | Reached skill level 4 in Fighting
   971 | D:2      | Reached XP level 3. HP: 26/33 MP: 3/3
  1153 | D:2      | Noticed Robin
  1165 | D:2      | Reached skill level 5 in Axes
  1194 | D:2      | Killed Robin
  1559 | D:2      | Reached XP level 4. HP: 41/41 MP: 4/4
  1966 | D:1      | Reached skill level 3 in Dodging
  2620 | D:3      | Reached XP level 5. HP: 45/47 MP: 5/5
  2688 | D:3      | Found a faded altar of an unknown god.
  2831 | D:4      | Noticed Eustachio
  2869 | D:4      | Noticed Pikel
  2869 | D:4      | Noticed a slave
  2869 | D:4      | Noticed a slave
  2869 | D:4      | Noticed a slave
  2869 | D:4      | Noticed a slave
  2897 | D:3      | Killed a slave
  2900 | D:3      | HP: 11/47 [slave[Pikel] (2)]
  2903 | D:3      | HP: 4/47 [slave[Pikel] (4)]
  2904 | D:3      | HP: 1/47 [slave[Pikel] (4)]
  2906 | D:3      | Slain by a slave

Levels and vault maps discovered:
D:1:      dpeg_arrival_renting, layout_basic
D:2:      layout_basic, uniq_robin
D:3:      layout_rooms, chequers_ecumenical_altar_simple_redux
D:4:      layout_layer_cave, uniq_eustachio, uniq_pikel

Skill      XL: |  1  2  3  4 |
---------------+-------------+-----
Fighting       | 4 |  4.5
Axes           | 5 |  5.9
Dodging        | 3 |  3.0
Armour         | |  0.3
Stealth        | |  1.5

Action                   |  1- 3 |  4- 6 || total
-------------------------+-------+-------++-------
Melee: Hand axe          |    90 |   117 ||   207
  Use: Scroll            |     2 |     3 ||     5
 Stab: Sleeping          |     1 |       ||     1
  Eat: Chunk             |     2 |     4 ||     6
Armor: Ring mail         |    52 |    43 ||    95
       Robe              |     3 |       ||     3
Dodge: Dodged            |    54 |    64 ||   118

Table legend:
 A = Non-vault XP
 B = Vault XP
 C = Vault XP percentage of total XP
 D = Non-vault monster count
 E = Vault monster count
 F = Vault count percentage of total count
                 A         B        C        D         E       F
            +---------+---------+-------+---------+---------+-------
      Total |     133 |      34 |  20.4 |      42 |      11 |  20.8
            +---------+---------+-------+---------+---------+-------
        D:1 |      39 |       0 |   0.0 |      15 |       0 |   0.0
        D:2 |      69 |      34 |  33.0 |      19 |      11 |  36.7
        D:3 |      24 |       0 |   0.0 |       7 |       0 |   0.0
        D:4 |       1 |       0 |   0.0 |       1 |       0 |   0.0
            +---------+---------+-------+---------+---------+-------

Levels and vault maps discovered:
D:1:      dpeg_arrival_renting, layout_basic
D:2:      layout_basic, uniq_robin
D:3:      layout_rooms, chequers_ecumenical_altar_simple_redux
D:4:      layout_layer_cave, uniq_eustachio, uniq_pikel

Table legend:
 A = Turns spent in this place as a percentage of turns spent in the entire game.
 B = Non-inter-level travel turns spent in this place as a percentage of non-inter-level travel turns spent in the entire game.
 C = Inter-level travel turns spent in this place as a percentage of turns spent in this place.
 D = Turns resting spent in this place as a percentage of non-inter-level travel turns spent in this place.
 E = Turns spent auto-exploring this place as a percentage of non-inter-level travel turns spent in this place.
 F = Non-inter-level travel turns spent in this place divided by the number of levels of this place that you've seen.
                   A       B       C       D       E      F
               +-------+-------+-------+-------+-------+----------------------
         Total | 100.0 | 100.0 |   4.6 |  23.4 |  57.4 | 693.0
       Dungeon | 100.0 | 100.0 |   4.6 |  23.4 |  57.4 | 693.0
               +-------+-------+-------+-------+-------+----------------------

Table legend:
 A = Kills in this place as a percentage of kills in entire the game.
 B = Kills by you in this place as a percentage of kills by you in the entire game.
 C = Kills by friends in this place as a percentage of kills by friends in the entire game.
 D = Other kills in this place as a percentage of other kills in the entire game.
 E = Experience gained in this place as a percentage of experience gained in the entire game.
 F = Experience gained in this place divided by the number of levels of this place that you have seen.
                   A       B       C       D       E      F
               +-------+-------+-------+-------+-------+----------------------
         Total | 100.0 | 100.0 |   N/A |   N/A | 100.0 |  41.8
       Dungeon | 100.0 | 100.0 |   N/A |   N/A | 100.0 |  41.8
               +-------+-------+-------+-------+-------+----------------------
